 Dungeon Crawl Stone Soup version 0.31.0-32-g396128a36d (webtiles) character file.

Game seed: 7299912764162262274

265 Izual the Trooper (level 6, -1/49 HPs)
             Began as a Djinni Conjurer on Mar 18, 2024.
             Slain by an iguana (7 damage)
             ... on level 3 of the Dungeon on Mar 19, 2024.
             The game lasted 00:16:01 (3271 turns).

Izual the Trooper (Djinni Conjurer)                 Turns: 3271, Time: 00:16:02

Health: -1/49      AC:  2    Str:  6    XL:     6   Next: 44%
Gold:   219        EV: 12    Int: 22    God:
                   SH:  0    Dex: 11

rFire   + + .        (no weapon)
rCold   x . .        (no shield)
rNeg    . . .        a - +0 robe
rPois   ∞            (no helmet)
rElec   .            (no cloak)
rCorr   .            (no gloves)
SInv    .            (boots unavailable)
Will    .....        (no amulet)
Stlth   ++           (no ring)
HPRegen 0.28/turn    (no ring)
MPRegen 0.00/turn

%: infuse magic (-2 HP)
@: weakened, flying
A: sickness immunity, fire resistance 2, cold vulnerability 1, float, innate
caster, HP casting, extra vitality 1
a: no special abilities


You were on level 3 of the Dungeon.
You visited 1 branch of the dungeon, and saw 4 of its levels.

You collected 219 gold pieces.

Inventory:

Hand Weapons
 v - a +0 club
 w - a +0 short sword
Armour
 a - a +0 robe (worn)
 m - a +0 kite shield
 s - a +0 scale mail
 t - a +0 chain mail
 x - a +0 leather armour
Jewellery
 f - a ring of positive energy
 j - a +6 ring of intelligence
 u - an amulet of guardian spirit
Talismans
 d - a storm talisman
Scrolls
 b - 4 scrolls of identify {unknown}
 e - a scroll of amnesia {unknown}
 g - 2 scrolls of teleportation {unknown}
 h - a scroll of noise {unknown}
 i - a scroll of revelation {unknown}
 k - a scroll of torment {unknown}
 p - a scroll of brand weapon {unknown}
Potions
 c - a potion of heal wounds {unknown}
 l - a potion of berserk rage {unknown}
 n - 2 potions of curing {unknown}
 o - 2 potions of haste {unknown}
 q - 2 potions of lignification {unknown}
 r - 2 potions of mutation {unknown}


   Skills:
 * Level 4.8 Fighting
 - Level 2.7 Dodging
 - Level 2.0 Stealth
 + Level 4.1 Spellcasting
 + Level 4.1 Conjurations
 + Level 4.1 Hexes
 + Level 4.1 Summonings
 + Level 4.1 Necromancy
 + Level 4.1 Translocations
 + Level 4.1 Fire Magic
 + Level 4.1 Ice Magic
 + Level 4.1 Air Magic
 + Level 4.1 Earth Magic
 + Level 4.1 Alchemy


You knew the following spells:

 Your Spells              Type           Power      Damage    Failure   Level
a - Magic Dart            Conj           88%        1d7       1%          1
b - Searing Ray           Conj           44%        2d6       3%          2
c - Fulminant Prism       Conj/Alch      11%        3d9       21%         4
d - Iskenderun's Mystic   Conj/Tloc      22%        2d6       21%         4
e - Freeze                Ice            88%        1d9       1%          1
f - Mercury Vapours       Alch/Air       44%        N/A       3%          2
Your spell library was empty.

Dungeon Overview and Level Annotations

Branches:
Dungeon (4/15)
 Temple: D:4-7

Altars:
Cheibriados

Annotations:
D:4 Dowan


Innate Abilities, Weirdness & Mutations

You are immune to sickness and miasma.
You are immune to poison.
Your flesh is very heat resistant. (rF++)
You are vulnerable to cold. (rC-)
You float through the air rather than walking.
You learn spells naturally, not from books.
Your magical power is your life essence.
You have superior vitality. (+4 MHP)


Message History

The water moccasin bites you. The iguana closely misses you.
The iguana bites you.
* * * LOW HITPOINT WARNING * * *
Unknown command.
Casting: Freeze (safe; 2% risk of failure)
Confirm with . or Enter, or press ? or * to list all spells.
Aiming: Freeze (safe; 2% risk of failure)
Press: ? - help, Shift-Dir - straight line, f/p - water moccasin
Aim: a water moccasin (almost dead, slow)
You freeze the water moccasin!
You kill the water moccasin!
* * * LOW HITPOINT WARNING * * *
The scorpion closely misses you.
The iguana bites you but does no damage.
The scorpion barely misses you.
Your Fighting skill increases to level 4!
Your Spellcasting skill increases to level 4!
Your Conjurations skill increases to level 4!
Your Hexes skill increases to level 4!
Your Summonings skill increases to level 4!
Your Necromancy skill increases to level 4!
Your Translocations skill increases to level 4!
Your Fire Magic skill increases to level 4!
Your Ice Magic skill increases to level 4!
Your Air Magic skill increases to level 4!
Your Earth Magic skill increases to level 4!
Your Alchemy skill increases to level 4!
You have reached level 6!
The iguana attacks as it pursues you! The iguana bites you.
* * * LOW HITPOINT WARNING * * *
The iguana barely misses you.
You see here a water moccasin corpse.
The iguana is no longer moving slowly.
The iguana bites you.
* * * LOW HITPOINT WARNING * * *
The iguana attacks as it pursues you! The iguana barely misses you.
The iguana hisses menacingly.
The iguana is no longer weakened.
There are monsters nearby!
The iguana bites you!
You die...

)# #.####.###.## #.# .#
#......###..#### #.# .#
######.#.......# #.# )#
#......##.# #.# .#
###.##>##.# #.#
.############<.†.##.#
#.#########
........<..(.^^.###.#
#.........#
.##########.^_sl###.#
#########.# ........#
##^^^.@...# #.# #######(#
###..######## #.# #.#
#.[[......# #)# #.#
##.######.##### #.#
######.# #.######.#...##
#.# #......#
#.........###.###.#
##.############..#.##..##
##.##.#
.........<.......#.#...#
#....#
##.##.#########.##.#...##
##.####


You could see a scorpion (weak) and an iguana (weak).

Vanquished Creatures
  A water moccasin (D:3)
  A hound (D:3)
  An adder (D:3)
  2 ribbon worms
  11 orcs (D:3)
  3 ball pythons
  7 endoplasms
  11 giant cockroaches
  4 goblins
  7 hobgoblins
  19 jackals
  A quokka (D:1)
  6 bats
  6 frilled lizards
  5 kobolds
  2 rats
87 creatures vanquished.

Notes
Turn   | Place    | Note
-------+----------+-------------------------------------------
     0 | D:1      | Izual the Djinni Conjurer began the quest for the Orb.
     0 | D:1      | Izual set off with the following spells memorised: Magic
                  | Dart, Searing Ray, Fulminant Prism, Iskenderun's Mystic
                  | Blast.
     0 | D:1      | Reached XP level 1. HP: 15/15 MP: 0/0
   111 | D:1      | Reached XP level 2. HP: 18/21 MP: 0/0
   325 | D:1      | Reached XP level 3. HP: 21/25 MP: 0/0
   325 | D:1      | Learned a level 1 spell: Freeze
   346 | D:1      | Reached skill level 1 in Fighting
  1423 | D:2      | Reached XP level 4. HP: 28/33 MP: 0/0
  2379 | D:3      | Reached XP level 5. HP: 32/40 MP: 0/0
  2379 | D:3      | Learned a level 2 spell: Mercury Vapours
  2499 | D:3      | Found a snail-covered altar of Cheibriados.
  2656 | D:3      | Found a faded altar of an unknown god.
  3255 | D:4      | Noticed a water moccasin
  3258 | D:4      | Noticed Dowan
  3266 | D:3      | Killed a water moccasin
  3267 | D:3      | Reached XP level 6. HP: 12/49 MP: 0/0
  3271 | D:3      | Slain by an iguana

Illustrated notes

Levels and vault maps discovered:
D:1:      dpeg_arrival_fog, layout_loops_corners, minmay_worlds_worst_comb
D:2:      layout_basic
D:3:      layout_loops_ring, old_standard_altar, ebering_ecumenical_altar_webs,
          minmay_randomly_rotated_circles
D:4:      cheibrodos_greedy_goblins, layout_loops_cross,
          makhleb_altar_promises_db, wad_rectangle_vault, uniq_duvessa,
          uniq_blork_the_orc

Skill      XL: |  1  2  3  4  5 |
---------------+----------------+-----
Stealth        | 2 |  2.0
Fighting       | 2 3 4 |  4.8
Spellcasting   | 4 |  4.1
Conjurations   | 4 |  4.1
Hexes          | 4 |  4.1
Summonings     | 4 |  4.1
Necromancy     | 4 |  4.1
Translocations | 4 |  4.1
Fire Magic     | 4 |  4.1
Ice Magic      | 4 |  4.1
Air Magic      | 4 |  4.1
Earth Magic    | 4 |  4.1
Alchemy        | 4 |  4.1
Dodging        | |  2.7

Action                     |  1- 3 |  4- 6 || total
---------------------------+-------+-------++-------
  Melee: Unarmed           |       |     1 ||     1
   Cast: Magic Dart        |    70 |    67 ||   137
         Searing Ray       |     8 |     8 ||    16
         Freeze            |     3 |    20 ||    23
         Mercury Vapours   |       |     4 ||     4
 Armour: Robe              |     7 |    22 ||    29
  Dodge: Dodged            |    14 |    25 ||    39
